 Dungeon Crawl Stone Soup version 0.22.1-1-ga44c0e56f4 (webtiles) character file.

63 Jukra the Caller (level 3, 0/19 HPs)
             Began as a Deep Elf Summoner on Sept 23, 2018.
             Was an Initiate of Qazlal.
             Slain by an orc wizard
             ... wielding a +0 dagger
              (5 damage)
             ... on level 3 of the Dungeon.
             The game lasted 00:18:27 (2362 turns).

Jukra the Caller (Deep Elf Summoner)                Turns: 2362, Time: 00:18:28

Health: 0/19       AC:  2    Str:  5    XL:     3   Next: 87%
Magic:  8/9        EV: 13    Int: 20    God:    Qazlal [......]
Gold:   100        SH:  0    Dex: 15    Spells: 1/8 levels left

rFire    . . .     SeeInvis .   g - +0 dagger
rCold    . . .     Gourm    .   (no shield)
rNeg     . . .     Faith    .   r - +0 robe
rPois    .         Spirit   .   (no helmet)
rElec    .         Reflect  .   (no cloak)
rCorr    .         Harm     .   (no gloves)
MR       .....                  (no boots)
Stlth    ++........             (no amulet)
HPRegen  0.06/turn              (no ring)
MPRegen  0.11/turn              (no ring)

@: no status effects
A: no striking features
a: Renounce Religion


You were on level 3 of the Dungeon.
You worshipped Qazlal.
Qazlal was noncommittal.
You were not hungry.

You visited 1 branch of the dungeon, and saw 3 of its levels.

You collected 100 gold pieces.

Inventory:

Hand Weapons
 g - a +0 dagger (weapon)
 i - a +0 whip
 l - a +0 short sword
 p - a +0 hunting sling
Missiles
 j - 51 stones (quivered)
Armour
 a - a +0 robe
 r - a +0 robe (worn)
 t - a +0 leather armour
Scrolls
 b - 4 scrolls of teleportation {unknown}
 d - a scroll of noise {unknown}
 f - a scroll of remove curse {unknown}
 k - a scroll of enchant weapon {unknown}
 m - a scroll of identify {unknown}
 o - 3 scrolls of random uselessness {unknown}
 s - 4 scrolls of fear {unknown}
Potions
 e - a potion of curing {unknown}
 h - 2 potions of invisibility {unknown}
 n - 2 potions of degeneration {unknown}
 q - 2 potions of flight {unknown}
Comestibles
 c - 4 rations
 u - a chunk of flesh


   Skills:
 + Level 0.1 Short Blades
 + Level 2.8 Dodging
 + Level 2.9 Stealth
 + Level 3.4 Spellcasting
 + Level 0.1 Hexes
 + Level 5.5 Summonings


You had one spell level left.
You knew the following spells:

 Your Spells              Type           Power        Failure   Level  Hunger
a - Summon Small Mammal   Summ           ####         1%          1    None
b - Summon Guardian Gole  Hex/Summ       ##......     13%         3    ###....
c - Call Canine Familiar  Summ           ####....     4%          3    ###....

Your spell library contained the following spells:

 Spells                   Type           Power        Failure   Level  Hunger
 Call Imp                 Summ           ####....     2%          2    ##.....
 Summon Ice Beast         Ice/Summ       ##......     41%         4    ####...
 Summon Lightning Spire   Summ/Air       ##......     41%         4    ####...


Dungeon Overview and Level Annotations

Branches:
Dungeon (3/15)

Altars:
Gozag
Qazlal


Message History

An orc comes into view. It is wielding a trident.
Your hound barely misses the orc wizard.
The orc wizard casts a spell.
The orc wizard seems to speed up.
Your hound bites the orc wizard.
The orc wizard gestures at you while chanting.
The magic dart hits you!
A bat comes into view.
Your hound closely misses the orc wizard.
The orc wizard points at you and mumbles some strange words.
The puff of frost hits you!
* * * LOW HITPOINT WARNING * * *
The bat barely misses your hound.
Your hound barely misses the orc wizard.
The orc wizard hits you but does no damage.
You hit the orc wizard but do no damage.
The orc wizard is lightly wounded.
The bat hits your hound but does no damage.
Your hound bites the orc wizard.
The orc wizard hits you with a dagger.
You die...

###.. ....
$..#
#####.).#
#.......
+..)ob#
#####..oh.#
#...#..@..#
#.#.#.....#
#.#.#....<#
#.#.#.....#
#.#.#...†.#
#......####.
##.........#
#[........#
#.........#


You could see an orc wizard, an orc, a bat and a friendly hound.

Vanquished Creatures
  An adder (D:2)
  A giant cockroach (D:2)
  2 goblins
  A jackal (D:1)
  A bat (D:1)
  A kobold (D:2)
  A rat (D:2)
8 creatures vanquished.

Vanquished Creatures (collateral kills)
  Jessica (D:2)
  2 adders
  2 oozes
  A worm (D:2)
  An orc (D:3)
  4 bats
  3 giant cockroaches
  6 goblins
  4 hobgoblins
  A quokka (D:3)
  2 frilled lizards (D:1)
  5 kobolds
  2 rats (D:1)
34 creatures vanquished.

Grand Total: 42 creatures vanquished

Notes
Turn   | Place    | Note
-------+----------+-------------------------------------------
     0 | D:1      | Jukra the Deep Elf Summoner began the quest for the Orb.
     0 | D:1      | Reached XP level 1. HP: 10/10 MP: 6/6
   454 | D:1      | Reached XP level 2. HP: 14/15 MP: 4/8
  1163 | D:2      | Noticed Jessica
  1169 | D:2      | Killed Jessica
  1169 | D:2      | Reached skill level 5 in Summonings
  1169 | D:2      | Reached XP level 3. HP: 19/19 MP: 4/9
  1389 | D:2      | Learned a level 3 spell: Summon Guardian Golem
  1394 | D:2      | Learned a level 3 spell: Call Canine Familiar
  2006 | D:2      | Noticed a fire elemental
  2018 | D:2      | Found a stormy altar of Qazlal.
  2020 | D:2      | Noticed an air elemental
  2020 | D:2      | Noticed a water elemental
  2020 | D:2      | Noticed an earth elemental
  2025 | D:2      | Became a worshipper of Qazlal Stormbringer
  2235 | D:2      | Found an opulent altar of Gozag.
  2362 | D:3      | Slain by an orc wizard

Skill      XL: |  1  2 |
---------------+-------+-----
Summonings     | 5 |  5.5
Short Blades   | |  0.1
Dodging        | |  2.8
Stealth        | |  2.9
Spellcasting   | |  3.4
Hexes          | |  0.1

Action                   || total
-------------------------++-------
Melee: Dagger            ||    59
 Cast: Summon Small Mamm ||    37
       Call Canine Famil ||     6
       Summon Guardian G ||     3
  Eat: Ration            ||     1
       Chunk             ||     2
Armor: Robe              ||    19
Dodge: Dodged            ||    54
